 Dungeon Crawl Stone Soup version 0.29.1-2-gbd0b4ee654 (webtiles) character file.

Game seed: 4025541723461826312

6374 Icepheonix32 the Fighter (level 10, -11/99 HPs)
             Began as a Minotaur Fighter on Nov 4, 2022.
             Was a High Priest of Okawaru.
             Mangled by an orc warlord
             ... wielding a +5 broad axe
              (38 damage)
             ... in a bailey.
             The game lasted 00:15:27 (8624 turns).

Icepheonix32 the Fighter (Minotaur Fighter)         Turns: 8624, Time: 00:15:28

Health: -11/99     AC: 24    Str: 32    XL:     10   Next: 65%
Magic:  9/9        EV: 13    Int:  7    God:    Okawaru [*****.]
Gold:   434        SH:  0    Dex: 12    Spells: 9/9 levels left

rFire   . . .      SeeInvis .   f - +4 dagger (elec)
rCold   . . .      Faith    +   B - orb {light}
rNeg    . . .      Spirit   .   t - +6 scale mail of the Loving Gods {rElec Str+5}
rPois   .          Reflect  .   H - +2 hat {Will+}
rElec   +          Harm     .   r - +2 cloak
rCorr   .          Rampage  .   (no gloves)
Will    ++...                   j - +2 pair of boots
Stlth   +.........              p - amulet of faith
HPRegen 0.26/turn               g - +6 ring of strength
MPRegen 0.11/turn               P - ring of willpower

@: mighty, glowing
A: horns 2, retaliatory headbutt
a: Renounce Religion, Heroism, Finesse, Duel


You were in a bailey.
You worshipped Okawaru.
Okawaru was extremely pleased with you.
You visited 2 branches of the dungeon, and saw 9 of its levels.
You also visited: Bailey.

You collected 434 gold pieces.

Inventory:

Hand Weapons
 a - a +0 war axe
 f - a +4 dagger of electrocution (weapon)
 h - a +2 vorpal dagger
 s - a +2 dagger of draining
 y - a +2 rapier of speed
 E - a +4 dagger
 K - a +2 scimitar
 L - a +5 halberd
 M - a +2 scimitar of freezing
 N - a +3 morningstar
Missiles
 w - 2 throwing nets (quivered)
Armour
 c - a +0 buckler
 j - a +2 pair of boots (worn)
 r - a +2 cloak (worn)
 t - the +6 scale mail of the Loving Gods (worn) {rElec Str+5}
   (You found it on level 3 of the Dungeon)

   Str:       It affects your strength (+5).
   rElec:     It insulates you from electricity.
 B - an orb of light (worn)
 H - a +2 hat of willpower (worn)
 T - +0 swamp dragon scales
Magical Staves
 e - a staff of air
 q - a staff of cold
 x - a staff of conjuration
Jewellery
 g - a +6 ring of strength (left hand)
 p - an amulet of faith (around neck)
 P - a ring of willpower (right hand)
Wands
 b - a wand of paralysis (4)
 Q - a wand of mindburst (6)
 S - a wand of polymorph (7)
Scrolls
 i - 2 scrolls of amnesia
 m - a scroll of enchant armour
 n - a scroll of immolation
 F - 7 scrolls of teleportation
 I - 2 scrolls of brand weapon
 R - a scroll of torment
 U - 3 scrolls of fear
 V - 2 scrolls of blinking
Potions
 l - 2 potions of heal wounds
 o - a potion of attraction
 u - 2 potions of cancellation
 v - 5 potions of brilliance
 z - a potion of ambrosia
 A - 2 potions of flight
 C - a potion of degeneration {unknown}
 D - 3 potions of berserk rage {unknown}
 G - a potion of haste {unknown}


   Skills:
 * Level 12.5 Fighting
 - Level 2.1 Short Blades
 - Level 2.4 Axes
 + Level 11.0 Armour
 + Level 7.0 Dodging
 + Level 3.5 Stealth
 - Level 5.8 Shields
 + Level 2.2 Evocations


You had 9 spell levels left.
You didn't know any spells.
Your spell library contained the following spells:

 Spells                   Type           Power      Damage    Failure   Level
 Apportation              Tloc           0%         N/A       63%         1
 Necrotise                Necr           0%         1d4       63%         1
 Summon Small Mammal      Summ           Unusable   N/A       N/A         1

Dungeon Overview and Level Annotations

Branches:
Dungeon (8/15)             Temple (1/1) D:4          Bailey (1/1)
   Lair: D:8-11

Altars:
Ashenzari
Dithmenos
Elyvilon
Fedhas
Gozag
Hepliaklqana
Kikubaaqudgha
Makhleb
Nemelex Xobeh
Okawaru
Qazlal
Ru
Sif Muna
Trog
Uskayaw
Vehumet
Wu Jian
Xom
Yredelemnul
Zin
The Shining One


Innate Abilities, Weirdness & Mutations

You have a pair of horns on your head.
You reflexively headbutt those who attack you in melee.


Message History

The orc warlord roars a battlecry!
The orc warrior goes into a battle-frenzy!
You hit the orc warlord.
The orc warlord is lightly wounded.
The orc warlord hits you with a +5 broad axe!
* * * LOW HITPOINT WARNING * * *
You feel much better.
The orc warlord hits you with a +5 broad axe!
* * * LOW HITPOINT WARNING * * *
You hit the orc warlord but do no damage.
Lightning courses through the orc warlord!
The orc warlord is lightly wounded.
The orc warlord misses you.
You feel much better.
The orc warlord hits you with a +5 broad axe!
You hit the orc warlord but do no damage.
You headbutt the orc warlord, but do no damage.
The orc warlord is lightly wounded.
The orc warlord hits you but does no damage.
You puncture the orc warlord!
The orc warlord is moderately wounded.
The orc warlord hits you with a +5 broad axe!
You hit the orc warlord.
Lightning courses through the orc warlord!!
You headbutt the orc warlord!!
The orc warlord is heavily wounded.
The orc warlord hits you with a +5 broad axe!
* * * LOW HITPOINT WARNING * * *
You completely miss the orc warlord.
The orc warlord is heavily wounded.
The orc warlord closely misses you.
You hit the orc warlord.
The orc warlord is heavily wounded.
You hit the orc warlord but do no damage.
Lightning courses through the orc warlord!
You headbutt the orc warlord!
The orc warlord is severely wounded.
A hobgoblin comes into view. It is wielding a +0 hand axe.
The orc warlord hits you with a +5 broad axe!!!
You die...

)........#...........#
)........#...........#
).......###.........###
#.....###.###.....#+#.###
###.###
...###.###.....### ..###
g... ###.........## ...#
..... #8..........# ...#
.....o#8..........# ...#
.....go@....⌠....∩# ...#
.....g#8..........# ...#
..... #8..........# ..###
.... ###.........##
###.###
...###.###))...###
#.....###.###.....#'#.###
).......###.........###
)........#...........#
)........#...........#


You could see an orc warlord (strong), an orc warrior (strong), a hobgoblin and
2 goblins.

Vanquished Creatures
  An orc knight (Bailey)
  Joseph (D:8)
  Maggie (D:7)
  Sigmund (D:3)
  Eustachio (D:5)
  3 water moccasins
  2 sky beasts
  2 black bears
  2 ice beasts (D:6)
  16 orc warriors (Bailey)
  2 ogres
  2 centaurs
  2 phantoms
  2 kobold brigands
  2 bullfrogs (D:7)
  A necrophage (D:5)
  A gnoll sergeant (D:8)
  2 scorpions
  7 wights
  4 killer bees (D:7)
  8 hounds
  3 jellies
  3 orc priests
  2 gnoll boudas
  5 orc wizards
  31 gnolls
  7 adders
  2 shadow imps
  4 ufetubi
  A worm (D:2)
  2 dart slugs
  31 orcs
  7 ball pythons
  6 endoplasms
  A giant cockroach (D:1)
  18 goblins
  8 hobgoblins
  2 jackals (D:5)
  A quokka (D:5)
  3 bats
  3 frilled lizards (D:1)
  12 kobolds
  8 rats
223 creatures vanquished.

Vanquished Creatures (others)
  3 demonic plants (D:8)
3 creatures vanquished.

Grand Total: 226 creatures vanquished

Notes
Turn   | Place    | Note
-------+----------+-------------------------------------------
     0 | D:1      | Icepheonix32 the Minotaur Fighter began the quest for the
                  | Orb.
     0 | D:1      | Reached XP level 1. HP: 19/19 MP: 0/0
    37 | D:1      | HP: 1/20 [dart slug/slug dart (4)]
   465 | D:1      | Reached skill level 4 in Fighting
   465 | D:1      | Reached XP level 2. HP: 27/27 MP: 1/1
  1221 | D:2      | Reached XP level 3. HP: 34/34 MP: 2/2
  1348 | D:2      | Reached skill level 5 in Fighting
  1474 | D:2      | Reached XP level 4. HP: 42/42 MP: 3/3
  1587 | D:2      | Found a faded altar of an unknown god.
  2019 | D:3      | Identified the +1 robe of the Sea {rPois rCorr Int-5}
  2080 | D:3      | Identified the +6 scale mail of the Loving Gods {rElec
                  | Str+5}
  2182 | D:3      | Found a glowing golden altar of the Shining One.
  2497 | D:3      | Noticed Sigmund
  2510 | D:3      | Killed Sigmund
  2511 | D:3      | Reached skill level 5 in Armour
  2511 | D:3      | Reached skill level 1 in Dodging
  2511 | D:3      | Reached XP level 5. HP: 40/50 MP: 4/4
  2511 | D:3      | Reached XP level 6. HP: 46/57 MP: 5/5
  2788 | D:4      | Found a staircase to the Ecumenical Temple.
  2800 | Temple   | Entered the Ecumenical Temple
  2945 | Temple   | Became a worshipper of Warmaster Okawaru
  2999 | D:4      | Reached skill level 6 in Fighting
  3450 | D:4      | Found a shimmering blue altar of Sif Muna.
  3490 | D:4      | Reached * piety under Okawaru
  3491 | D:4      | Reached skill level 5 in Shields
  3768 | D:4      | Reached XP level 7. HP: 62/64 MP: 6/6
  4055 | D:5      | Entered Level 5 of the Dungeon
  4056 | D:5      | Noticed Eustachio
  4110 | D:5      | Killed Eustachio
  4111 | D:5      | Reached skill level 1 in Stealth
  4273 | D:5      | Reached ** piety under Okawaru
  4274 | D:5      | Reached skill level 7 in Fighting
  4344 | D:5      | Reached XP level 8. HP: 31/73 MP: 7/7
  4674 | D:5      | Found a broken altar of Ashenzari.
  5376 | D:6      | Reached skill level 8 in Fighting
  5568 | D:6      | Reached *** piety under Okawaru
  5662 | D:6      | Reached skill level 9 in Fighting
  5941 | D:6      | Reached XP level 9. HP: 80/82 MP: 8/8
  6428 | D:6      | Reached skill level 5 in Dodging
  6429 | D:6      | Reached **** piety under Okawaru
  6588 | D:7      | Reached skill level 10 in Fighting
  6807 | D:7      | Noticed Maggie
  6818 | D:7      | Killed Maggie
  6819 | D:7      | Reached skill level 10 in Armour
  6995 | D:7      | Reached skill level 11 in Fighting
  7447 | D:8      | Reached XP level 10. HP: 83/94 MP: 9/9
  7519 | D:8      | Noticed Joseph
  7546 | D:8      | Killed Joseph
  7546 | D:8      | Reached ***** piety under Okawaru
  7547 | D:8      | Reached skill level 1 in Evocations
  7560 | D:8      | Found a flagged portal.
  7567 | Bailey   | Entered a bailey
  7686 | Bailey   | Received a gift from Okawaru
  8389 | Bailey   | Reached skill level 12 in Fighting
  8593 | Bailey   | Noticed an orc knight
  8593 | Bailey   | Noticed an orc warlord
  8609 | Bailey   | Killed an orc knight
  8624 | Bailey   | Mangled by an orc warlord

Illustrated notes

Levels and vault maps discovered:
D:1:      wander_arrival_chamber, layout_basic, chequers_serial_rivers_room_a,
          serial_bayou_lake_a
D:2:      layout_loops_cross, nicolae_ecumenical_pavilion
D:3:      layout_loops_ring, lemuel_crystal_altar, uniq_sigmund
D:4:      layout_basic, lemuel_blue_sif_altar, minmay_temple_entry_sparse_star
D:5:      layout_loops_ring, ashenzari_altar_1, hangedman_abyss_or_decor_passed,
          kennysheep_boxes, uniq_eustachio
D:6:      layout_loops_ring, serial_glass, glass_columns_b, glass_columns_b,
          glass_columns_b, glass_columns_c, glass_columns_a, glass_columns_b,
          glass_columns_c, glass_columns_a, glass_columns_a, glass_columns_a,
          glass_columns_a, glass_columns_a, glass_columns_a, glass_columns_a,
          minmay_misc_feat_diagonals, minmay_fractal_squares_5
D:7:      layout_basic, uniq_maggie
D:8:      layout_loops_ring, cheibriados_altar_2, enter_bailey_3,
          serial_demonic, serial_demonic_b, serial_demonic_c, serial_demonic_e,
          serial_demonic_g, serial_demonic_e, enter_ossuary_2, uniq_joseph
Temple:   compressed_dpeg_circular_temple
Bailey:   bailey_axe_minmay_hex_keep, bailey

Skill      XL: |  1  2  3  4  5  6  7  8  9 10 |
---------------+-------------------------------+-----
Fighting       | 4 5 6 7 9 11 12 | 12.5
Shields        | 4 5 |  5.8
Armour         | 4 5 7 8 10 11 | 11.0
Short Blades   | 2 |  2.1
Dodging        | 1 2 3 4 6 7 |  7.0
Stealth        | 1 2 3 |  3.5
Evocations     | 2 |  2.2
Axes           | |  2.4

Action                   |  1- 3 |  4- 6 |  7- 9 | 10-12 || total
-------------------------+-------+-------+-------+-------++-------
Melee: War axe           |    10 |       |       |       ||    10
       Dagger            |    49 |   111 |   271 |   156 ||   587
       Headbutt          |    14 |    14 |    83 |    52 ||   163
       Rapier            |       |       |    79 |       ||    79
Evoke: Wand              |       |       |     9 |     5 ||    14
  Use: Scroll            |       |     5 |     8 |     6 ||    19
       Potion            |       |       |     4 |     8 ||    12
 Stab: Paralysed         |       |       |     2 |       ||     2
Armor: Scale mail        |    17 |    63 |   162 |    71 ||   313
Dodge: Dodged            |    24 |    50 |   202 |   110 ||   386
Block: Buckler           |    17 |    21 |    32 |       ||    70
